 Dungeon Crawl Stone Soup version 0.26-a0-466-g989023bd0d (webtiles) character file.

Game seed: 14278726358135054382

6 Goblin1989 the Sneak (level 1, 0/18 HPs)
             Began as a Demonspawn Delver on Aug 4, 2020.
             Slain by an orc
             ... wielding a +0 trident
              (8 damage)
             ... on level 4 of the Dungeon.
             The game lasted 00:00:53 (107 turns).

Goblin1989 the Sneak (Demonspawn Delver)             Turns: 107, Time: 00:00:54

Health: 0/18       AC:  4    Str: 12    XL:     1   Next: 75%
Magic:  1/1        EV: 12    Int: 11    God:
Gold:   31         SH:  0    Dex: 14    Spells: 0/0 levels left

rFire    . . .     SeeInvis .   O - +0 whip
rCold    . . .     Faith    .   (no shield)
rNeg     . . .     Spirit   .   b - +0 leather armour
rPois    .         Reflect  .   (no helmet)
rElec    .         Harm     .   N - +0 cloak
rCorr    .                      (no gloves)
MR       .....                  (no boots)
Stlth    +++.......             (no amulet)
HPRegen  0.06/turn              (no ring)
MPRegen  0.07/turn              (no ring)

@: no status effects
A: no striking features
a: no special abilities


You were on level 4 of the Dungeon.
You visited 1 branch of the dungeon, and saw 2 of its levels.

You collected 31 gold pieces.

Inventory:

Hand Weapons
 a - a +0 mace
 O - a +0 whip (weapon)
Armour
 b - a +0 leather armour (worn)
 N - a +0 cloak (worn)
Wands
 g - a wand of digging (3) {@v1}
Scrolls
 c - a scroll of fog
 e - a scroll of fear
 M - a scroll of magic mapping
 P - a scroll of teleportation {unknown}
Potions
 f - a potion of haste {@q3,}


   Skills:
 + Level 3.1 Fighting
 + Level 1.9 Maces & Flails
 + Level 1.9 Dodging
 + Level 4.6 Stealth


You couldn't memorise any spells.
You didn't know any spells.
Your spell library was empty.

Dungeon Overview and Level Annotations

Branches:
Dungeon (5/15)
 Temple: D:4-7

Altars:


Message History

You start putting on your armour.
You continue putting on your cloak. x4
You finish putting on your +0 cloak.
You see here a whip.
O - a whip
O - a +0 whip (weapon)
Found a scroll labeled MEJ RUYWUYMMOHY.
Found a stone staircase leading up.
Found 11 gold pieces.
There is a stone staircase leading up here.
Found 26 arrows.
P - a scroll labeled MEJ RUYWUYMMOHY
There is a stone staircase leading up here.
You climb upwards.
A worm and an orc come into view.
There is a stone staircase leading down here.
An orc comes into view. It is wielding a +0 trident.
The orc shouts!
You hear a shout!
An orc comes into view. It is wielding a +0 short sword.
The orc moves out of view.
The orc shouts!
An orc comes into view.
An orc comes into view.
The orc hits you but does no damage.
You hit the orc.
The orc is moderately wounded.
The orc closely misses you.
You closely miss the orc.
The orc is moderately wounded.
The orc closely misses you.
You hit the orc but do no damage.
The orc is moderately wounded.
The orc barely misses you.
You hit the orc.
The orc is severely wounded.
The orc closely misses you.
The orc shouts!
You hit the orc but do no damage.
The orc is severely wounded.
You hear a shout!
The orc hits you but does no damage.
You hit the orc.
The orc is severely wounded.
The orc misses you.
You hit the orc.
The orc is almost dead.
The orc closely misses you.
You hit the orc but do no damage.
The orc is almost dead.
The orc hits you but does no damage.
You closely miss the orc.
The orc is almost dead.
You hit the orc.
The orc is heavily wounded.
You hit the orc but do no damage.
The orc is heavily wounded.
The orc closely misses you.
You barely miss the orc.
The orc is heavily wounded.
The orc hits you but does no damage.
You hit the orc.
The orc is heavily wounded.
The orc hits you with a +0 club.
You take 1 damage, and have 17/18 hp.
You hit the orc but do no damage.
The orc is heavily wounded.
The orc hits you but does no damage.
You hit the orc but do no damage.
The orc is heavily wounded.
The orc hits you with a +0 club.
You take 3 damage, and have 14/18 hp.
You hit the orc.
You kill the orc!
You hit the orc.
You kill the orc!
The orc hits you but does no damage.
Items here: )) [[.
You hit the orc.
The orc is severely wounded.
The orc closely misses you.
You hit the orc.
You kill the orc!
The orc misses you.
You hit the orc but do no damage.
The orc hits you from afar with a +0 trident.
The orc hits you but does no damage.
You take 2 damage, and have 13/18 hp.
You hit the orc but do no damage. The orc barely misses you.
The orc misses you.
You hit the orc.
The orc is moderately wounded.
The orc completely misses you. The orc hits you.
* * * LOW HITPOINT WARNING * * *
You take 5 damage, and have 8/18 hp.
MASSIVE DAMAGE!!
You barely miss the orc.
The orc is moderately wounded.
The orc closely misses you. The orc barely misses you.
You hit the orc.
The orc is severely wounded.
The orc hits you from afar with a +0 trident!
You die... █.█ █.█ █.█ █.█ █.█ █.█.█ █.█.█ █.█.█ █.█@█ ████

█.█o█ ... █.█o█
█.███.█.█
█.>.....█
█.....███
█.....████..o...█
█.██.█ .███oo.
... .█


You could see 2 orcs.

Vanquished Creatures
  3 orcs (D:4)
3 creatures vanquished.

Notes
Turn   | Place    | Note
-------+----------+-------------------------------------------
     0 | D:5      | Goblin1989 the Demonspawn Delver began the quest for the
                  | Orb.
     0 | D:5      | Reached XP level 1. HP: 18/18 MP: 1/1
   107 | D:4      | Slain by an orc

Illustrated notes

Levels and vault maps discovered:
D:4:      layout_loops_cross, serial_shops, kennysheep_mini_moat,
          uniq_blork_the_orc
D:5:      layout_loops_cross

Action                   || total
-------------------------++-------
Melee: Whip              ||    24
Armor: Leather armour    ||     5
Dodge: Dodged            ||    14

Table legend: (Time is in decaauts)
 A = Elapsed time spent in this place.
 B = Non-inter-level travel time spent in this place.
 C = Inter-level travel time spent in this place.
 D = Time resting spent in this place.
 E = Time spent auto-exploring this place.
 F = Levels seen in this place.
 G = Mean time per level.
                   A        B        C        D        E       F      G
               +--------+--------+--------+--------+--------+-----+--------+
         Total |    106 |    106 |      0 |      0 |      0 |   2 |   53.0 |
       Dungeon |    106 |    106 |      0 |      0 |      0 |   2 |   53.0 |
               +--------+--------+--------+--------+--------+-----+--------+

Top non-repeatable levels by time:
     D:5: 66 daAuts
     D:4: 39 daAuts
